 Dungeon Crawl Stone Soup version 0.21-a0-521-g1cd18d1 (webtiles) character file.

76 slep the Chopper (level 4, -7/35 HPs)
             Began as a Demonspawn Gladiator on Dec 6, 2017.
             Mangled by sirboomalot's ghost (13 damage)
             ... on level 3 of the Dungeon.
             The game lasted 00:04:34 (1407 turns).

slep the Chopper (Demonspawn Gladiator)             Turns: 1407, Time: 00:04:35

Health: -7/35      AC:  4    Str: 16    XL:     4   Next: 12%
Magic:  13/13      EV: 18    Int: 11    God:
Gold:   87         SH:  0    Dex: 19    Spells: 3/3 levels left

rFire    . . .     SeeInvis .   a - +0 war axe
rCold    . . .     Gourm    .   (no shield)
rNeg     . . .     Faith    .   b - +0 leather armour
rPois    .         Spirit   .   (helmet restricted)
rElec    .         Reflect  .   (no cloak)
rCorr    .         Harm     .   (no gloves)
MR       .....                  (no boots)
Stlth    ++........             (no amulet)
HPRegen  0.11/turn              i - +2 ring of intelligence
MPRegen  0.13/turn              k - ring of magical power

@: agile, very slightly contaminated, invisible (expiring)
A: antennae 1, rugged brown scales 1, powered by pain 1
a: no special abilities


You were on level 3 of the Dungeon.
You were not hungry.

You visited 1 branch of the dungeon, and saw 3 of its levels.

You collected 87 gold pieces.

Inventory:

Hand Weapons
 a - a +0 war axe (weapon)
Missiles
 d - 3 throwing nets (quivered)
Armour
 b - a +0 leather armour (worn)
 c - a +0 helmet
Jewellery
 i - a +2 ring of intelligence (left hand)
 k - a ring of magical power (right hand)
Scrolls
 e - 3 scrolls of teleportation {unknown}
 h - 2 scrolls of magic mapping {unknown}
 l - 2 scrolls of identify {unknown}
 m - a scroll of enchant armour {unknown}
 p - 2 scrolls of remove curse {unknown}
 s - a scroll of fog {unknown}
Potions
 r - a potion of curing {unknown}
 t - a potion of brilliance {unknown}
Comestibles
 f - 3 bread rations
 g - 3 meat rations
 n - 2 chunks of flesh


   Skills:
 + Level 2.3 Fighting
 + Level 3.5 Axes
 + Level 2.3 Throwing
 + Level 0.1 Armour
 + Level 3.2 Dodging
 + Level 0.1 Stealth


You had 3 spell levels left.
You didn't know any spells.

Dungeon Overview and Level Annotations

Branches:
Dungeon (3/15)

Altars:
Fedhas
Nemelex Xobeh
Qazlal

Annotations:
D:3 sirboomalot's ghost, amateur VSFi


Innate Abilities, Weirdness & Mutations

You have a pair of small antennae on your head.
You are partially covered in rugged brown scales. (AC +1, +3% HP)
You sometimes gain a little power by taking damage.


Message History

Sirboomalot's ghost completely misses you.
You catch the helpless sirboomalot's ghost completely off-guard!
You hit sirboomalot's ghost but do no damage.
You flicker for a moment.
Sirboomalot's ghost completely misses you.
You hit sirboomalot's ghost.
Sirboomalot's ghost is lightly damaged.
Sirboomalot's ghost hits you!
* * * LOW HITPOINT WARNING * * *
You focus on the pain.
You feel more agile all of a sudden.
Sirboomalot's ghost hits you but does no damage.
You hit sirboomalot's ghost but do no damage.
Sirboomalot's ghost is lightly damaged.
Sirboomalot's ghost turns its malevolent gaze towards you.
Sirboomalot's ghost misses you.
You completely miss sirboomalot's ghost.
Sirboomalot's ghost is lightly damaged.
Sirboomalot's ghost hits you!
You die...

#. .#. .# ..
#.# #. #.#
#.####.#
#>.....#
#......####.#
#...........#
##..@...####
#######
#....W...#
#.....#
#.####.#.#
#.....# #
#.#.# ......#
#...# #.....#
#..## #.....#
#..#
###.########
#..#
............
#..#


You could see sirboomalot's ghost.

Vanquished Creatures
  A gnoll (D:1)
  An adder (D:2)
  An ooze (D:2)
  A worm (D:2)
  2 dart slugs
  A leopard gecko (D:1)
  5 bats
  4 giant cockroaches
  4 goblins
  5 hobgoblins
  6 kobolds
  A quokka (D:2)
  A ball python (D:3)
  2 frilled lizards
  8 rats
43 creatures vanquished.

Notes
Turn   | Place    | Note
-------+----------+-------------------------------------------
     0 | D:1      | slep the Demonspawn Gladiator began the quest for the Orb.
     0 | D:1      | Reached XP level 1. HP: 16/16 MP: 1/1
   161 | D:1      | Gained mutation: You have a pair of small antennae on your head. [demonic ancestry]
   161 | D:1      | Reached XP level 2. HP: 11/22 MP: 2/2
   425 | D:1      | Gained mutation: You sometimes gain a little power by taking damage. [demonic ancestry]
   425 | D:1      | Reached XP level 3. HP: 15/27 MP: 3/3
   670 | D:2      | Found a faded altar of an unknown god.
   823 | D:2      | HP: 1/28 [worm (4)]
  1124 | D:2      | Found a sparkling altar of Nemelex Xobeh.
  1171 | D:2      | Found a stormy altar of Qazlal.
  1243 | D:3      | Gained mutation: You are partially covered in rugged brown scales. (AC +1, +3% HP) [demonic ancestry]
  1243 | D:3      | Reached XP level 4. HP: 17/35 MP: 4/4
  1374 | D:3      | Found a blossoming altar of Fedhas.
  1388 | D:3      | Noticed sirboomalot's ghost (amateur VSFi)
  1407 | D:3      | Mangled by sirboomalot's ghost

Vault maps used:
D:1:      saegor_arrival_simple_a
D:2:      grunt_qazlal_sundering, chequers_ecumenical_altar_simple,
          nemelex_diamond_rough_becter
D:3:      nicolae_overflow_hidden_temple, first_bread

Skill      XL: |  1  2 |
---------------+-------+-----
Dodging        | 3 |  3.2
Throwing       | 2 |  2.3
Axes           | 3 |  3.5
Fighting       | |  2.3
Armour         | |  0.1
Stealth        | |  0.1

Action                   |  1- 3 |  4- 6 || total
-------------------------+-------+-------++-------
Melee: War axe           |   107 |    29 ||   136
  Use: Potion            |       |     3 ||     3
 Stab: Invisible         |       |     2 ||     2
  Eat: Chunk             |     1 |     1 ||     2
Armor: Leather armour    |    21 |     3 ||    24
Dodge: Dodged            |    85 |    21 ||   106

Table legend:
 A = Spawn XP
 B = Non-spawn XP
 C = Spawn XP percentage of total XP
 D = Spawn monster count
 E = Non-spawn monster count
 F = Spawn count percentage of total count
 G = Total turns spent on level
                    A         B        C        D         E        F      G
               +---------+---------+-------+---------+---------+-------+---------
         Total |       0 |     109 |   0.0 |       0 |      43 |   0.0 |  1407
               +---------+---------+-------+---------+---------+-------+---------
           D:1 |       0 |      43 |   0.0 |       0 |      16 |   0.0 |   552
           D:2 |       0 |      51 |   0.0 |       0 |      18 |   0.0 |   679
           D:3 |       0 |      15 |   0.0 |       0 |       9 |   0.0 |   176
               +---------+---------+-------+---------+---------+-------+---------
